Map: Solaris LE

Players

MyMindsEye - Winner!

  • Race: Protoss Protoss
  • League: Diamond
  • Spawn Location: 7:00

llllllllllll

  • Race: Terran Terran
  • League: Diamond
  • Spawn Location: 1:00

VOD

Have the link to the VOD?

Description

Time

  • Played on: Oct. 18, 2023, 6:52 p.m.
  • Length: 8:26
Show
View Real Time Build Order
Export as new Build Order

MyMindsEye Protoss - Winner!

Build Orders:  

Get SALT Encoding   

  12  0:01  Probe  
  13  0:14  Probe  
  14  0:24  Pylon  
  14  0:26  Probe  
  15  0:40  Assimilator  
  15  0:42  Probe  
  16  0:49  Forge  
  16  1:17  Pylon x2  
  16  1:20  Pylon  
  16  1:22  Pylon  
  16  1:23  Probe (Chrono Boost)  
  18  1:34  Probe (Chrono Boost)  
  18  1:35  Photon Cannon  
  18  1:42  Photon Cannon  
  18  1:44  Pylon  
  18  1:53  Probe  
  19  2:02  Photon Cannon  
  19  2:10  Photon Cannon  
  19  2:13  Photon Cannon  
  19  2:17  Photon Cannon  
  19  2:26  Photon Cannon  
  19  2:31  Pylon  
  19  2:33  Probe  
  20  2:45  Probe (Chrono Boost)  
  20  2:48  Gateway  
  21  2:57  Probe (Chrono Boost)  
  22  3:02  Probe (Chrono Boost)  
  15  3:53  Photon Cannon, Probe  
  16  3:56  Assimilator  
  16  4:05  Cybernetics Core, Probe  
  16  4:14  Pylon  
  16  4:37  Probe (Chrono Boost)  
  17  4:47  Probe (Chrono Boost)  
  17  4:52  Probe (Chrono Boost)  
  20  4:57  Stargate  
  19  5:03  Probe  
  20  5:14  Stalker  
  22  5:16  Probe (Chrono Boost)  
  23  5:27  Probe (Chrono Boost)  
  24  5:32  Probe (Chrono Boost)  
  25  5:38  Shield Battery  
  25  5:39  Pylon  
  29  5:57  Void Ray (Chrono Boost)  
  31  6:21  Shield Battery  
  31  6:24  Pylon  
  31  6:27  Stalker  
  31  6:39  Photon Cannon  
  31  7:00  Fleet Beacon  
  31  7:06  Stargate  
  31  7:27  Nexus  
  31  7:31  Probe  
  32  7:43  Probe  
  33  7:55  Probe  
Show
View Real Time Build Order
Export as new Build Order

llllllllllll Terran 

Build Orders:  

Get SALT Encoding   

  12  0:00  SCV  
  13  0:12  SCV  
  14  0:17  Supply Depot  
  14  0:24  SCV  
  15  0:29  Refinery  
  15  0:39  SCV  
  16  0:45  Barracks  
  16  0:51  SCV  
  17  1:05  SCV, Refinery  
  18  1:17  SCV  
  19  1:35  Marine  
  20  1:44  Bunker  
  20  1:55  Marine  
  20  2:17  Factory  
  20  2:40  Marine  
  21  3:02  Factory Tech Lab  
  21  3:25  Siege Tank  
  8  3:48  SCV  
  9  3:57  Cyclone  
  11  4:07  SCV  
  12  4:27  SCV  
  13  4:43  SCV  
  14  4:57  SCV  
  15  5:17  Refinery  
  15  5:20  SCV  
  16  5:33  SCV  
  17  5:45  SCV  
  18  5:58  Cyclone  
  20  6:39  Cyclone  
  14  6:56  SCV  
  15  7:09  Orbital Command  
  15  7:14  Factory  
  15  7:30  Cyclone  
  15  7:36  SCV  
Tags
 
Add a new tag
Caveats
  • Supply blocks, unpowered buildings, or Contaminate may cause inaccurate times.
  • Supply counts are checked every 10 seconds.